 Dungeon Crawl Stone Soup version 0.29-a0-664-gff9cad4a3d (webtiles) character file.

Game seed: 10400516107014720131

32 RetardAnonLol the Skirmisher (level 3, -6/33 HPs)
             Began as a Hill Orc Fighter on June 23, 2022.
             Mangled by an iguana (9 damage)
             ... on level 2 of the Dungeon.
             The game lasted 00:04:31 (1105 turns).

RetardAnonLol the Skirmisher (Hill Orc Fighter)     Turns: 1105, Time: 00:04:32

Health: -6/33      AC:  6    Str: 20    XL:     3   Next: 27%
Magic:  3/3        EV:  9    Int:  8    God:
Gold:   5          SH:  4    Dex: 10    Spells: 2/2 levels left

rFire   + . .      SeeInvis .   a - +0 war axe
rCold   x . .      Faith    .   c - +0 buckler
rNeg    . . .      Spirit   .   b - +0 scale mail
rPois   .          Reflect  .   (no helmet)
rElec   .          Harm     .   (no cloak)
rCorr   .          Rampage  .   (no gloves)
Will    .....                   (no boots)
Stlth   ..........              (no amulet)
HPRegen 0.11/turn               g - ring of fire
MPRegen 0.08/turn               (no ring)

@: no status effects
A: no striking features
a: no special abilities


You were on level 2 of the Dungeon.
You visited 1 branch of the dungeon, and saw 2 of its levels.

You collected 5 gold pieces.

Inventory:

Hand Weapons
 a - a +0 war axe (weapon)
Armour
 b - a +0 scale mail (worn)
 c - a +0 buckler (worn)
Jewellery
 g - a ring of fire (left hand)
Scrolls
 h - a scroll of identify
Potions
 d - 2 potions of might
 e - 2 potions of degeneration (quivered)
 f - a potion of cancellation
 i - a potion of heal wounds {unknown}


   Skills:
 + Level 4.0 Fighting
 + Level 3.5 Axes
 + Level 3.6 Armour
 + Level 0.2 Dodging
 + Level 3.5 Shields


You had 2 spell levels left.
You didn't know any spells.
Your spell library was empty.

Dungeon Overview and Level Annotations

Branches:
Dungeon (2/15)

Altars:


Message History

The quokka is lightly wounded.
You block the quokka's attack.
You miss the quokka.
The quokka is lightly wounded.
The quokka bites you. The quokka barely misses you.
You closely miss the quokka.
The quokka is lightly wounded.
The quokka bites you but does no damage.
You block the quokka's attack.
You slash the quokka!
You kill the quokka!
You closely miss the goblin. The goblin hits you with a +0 club.
The goblin barely misses you.
You barely miss the goblin. The goblin hits you with a +0 club.
You block the goblin's attack.
You slash the goblin!
You kill the goblin!
Your Fighting skill increases to level 4!
You see here a +0 club.
Found a stone staircase leading up.
HP restored.
As you open the door, it creaks loudly!
You hear an angry hiss.
An iguana comes into view.
Found a bubbling purple potion.
The iguana hisses angrily.
Found a ring mail and a clear potion.
You hit the iguana.
The iguana is lightly wounded.
The iguana bites you! The iguana bites you.
You completely miss the iguana.
The iguana is lightly wounded.
The iguana bites you!
You hit the iguana.
The iguana is heavily wounded.
The iguana bites you!
* * * LOW HITPOINT WARNING * * *
You hit the iguana.
The iguana is severely wounded.
The iguana bites you!
You die...

#.##........#
#............ #
##..##.)...... #!#######
#<..##<.......
#.......####.###........
........................
#.!...#.###............#
#..[...l..'.............
#.####@###.....#####.##
................... ...
##.##.#.########### ##
#.#.# # #.# #.# #.# #.#
..


You could see an iguana.

Vanquished Creatures
  A dart slug (D:1)
  3 bats (D:1)
  An endoplasm (D:1)
  A giant cockroach (D:1)
  A hobgoblin (D:1)
  2 quokkas
  3 ball pythons (D:1)
  4 frilled lizards (D:1)
  7 goblins
  4 kobolds (D:1)
  3 rats (D:1)
30 creatures vanquished.

Notes
Turn   | Place    | Note
-------+----------+-------------------------------------------
     0 | D:1      | RetardAnonLol the Hill Orc Fighter began the quest for the
                  | Orb.
     0 | D:1      | Reached XP level 1. HP: 19/19 MP: 1/1
   313 | D:1      | Reached XP level 2. HP: 23/27 MP: 2/2
   722 | D:1      | Reached XP level 3. HP: 33/33 MP: 3/3
  1040 | D:2      | Reached skill level 4 in Fighting
  1105 | D:2      | Mangled by an iguana

Illustrated notes

Levels and vault maps discovered:
D:1:      minmay_arrival_diagonal_passages, layout_loops_cross,
          dk_noncrumbling_3, minmay_domino_2
D:2:      layout_basic, uniq_jessica

Skill      XL: |  1  2  3 |
---------------+----------+-----
Axes           | 3 |  3.5
Fighting       | 4 |  4.0
Armour         | |  3.6
Dodging        | |  0.2
Shields        | |  3.5

Action                   || total
-------------------------++-------
Melee: War axe           ||   103
  Use: Scroll            ||     3
Armor: Scale mail        ||    68
Dodge: Dodged            ||    71
Block: Buckler           ||    31

Table legend: (Time is in decaauts)
 A = Elapsed time spent in this place.
 B = Non-inter-level travel time spent in this place.
 C = Inter-level travel time spent in this place.
 D = Time resting spent in this place.
 E = Time spent auto-exploring this place.
 F = Levels seen in this place.
 G = Mean time per level.
                   A        B        C        D        E       F      G
               +--------+--------+--------+--------+--------+-----+--------+
         Total |   1143 |   1047 |     96 |     98 |    645 |   2 |  571.5 |
       Dungeon |   1143 |   1047 |     96 |     98 |    645 |   2 |  571.5 |
               +--------+--------+--------+--------+--------+-----+--------+

Top non-repeatable levels by time:
     D:1: 1064 daAuts
     D:2: 79 daAuts
